[Event "Titled Tuesday Blitz August 15 Early 2023"]
[White "Demchenko, Anton"]
[Black "Dong Khanh Linh"]
[WhiteFideId "4160258"]
[BlackFideId "12403040"]
[WhiteElo "2911"]
[BlackElo "2457"]
[Result "1-0"]
[Round "1"]
[TimeControl "180+1"]
[Date "2023.08.15"]
[WhiteClock "0:01:04"]
[BlackClock "0:00:02"]
[Board "48"]

1. e4 e6 2. d4 d5 3. Nd2 c5 4. exd5 Qxd5 5. dxc5 Bxc5 6. Ngf3 Nf6 7. Bc4 Qh5 8. O-O O-O 9. Nb3 Bb6 10. Bf4 Bd7 11. Ne5 Qf5 12. Qf3 Bc6 13. Nxc6 Nxc6 14. Bd3 Qg4 15. Qxg4 Nxg4 16. Be2 Nf6 17. Rad1 Rfd8 18. c3 Nd5 19. Bg3 Nce7 20. h3 Nf5 21. Bh2 h6 22. Rfe1 Nf6 23. Bf3 Nd5 24. a3 Rac8 25. Bxd5 Rxd5 26. Rxd5 exd5 27. Re5 g6 28. Rxd5 Re8 29. Kf1 Be3 30. g4 Ne7 31. Rd7 Bb6 32. Rxb7 Nd5 33. c4 Nf6 34. c5 Bd8 35. Rb8 Kg7 36. c6 Nd5 37. Nc5 Kf8 38. Bd6+ Be7 39. Nd7+ Kg7 40. Rxe8 1-0


[Site "https://www.chess.com"]

[Event "Titled Tuesday Blitz August 15 Early 2023"]
[White "Ljukin, Sergei"]
[Black "Grigorjev, Iljya"]
[WhiteFideId "14102200"]
[BlackFideId "24159565"]
[WhiteElo "2455"]
[BlackElo "2907"]
[Result "0-1"]
[Round "1"]
[TimeControl "180+1"]
[Date "2023.08.15"]
[WhiteClock "0:00:10"]
[BlackClock "0:00:58"]
[Board "49"]

1. e4 e5 2. Nf3 Nc6 3. Bb5 a6 4. Ba4 Nf6 5. Qe2 b5 6. Bb3 Bc5 7. c3 d6 8. d3 O-O 9. Bg5 h6 10. Bh4 Be6 11. Nbd2 a5 12. Bd5 Ra6 13. Bxc6 Rxc6 14. d4 exd4 15. cxd4 Bb4 16. d5 Bxd5 17. exd5 Re8 18. dxc6 Rxe2+ 19. Kxe2 g5 20. Bg3 Qe8+ 21. Kd1 Qxc6 22. Rc1 Qd5 23. a3 Bc5 24. Re1 Nh5 25. Re2 f5 26. h3 f4 27. Bh2 Nf6 28. Ke1 h5 29. Kf1 g4 30. hxg4 hxg4 31. Nh4 Qg5 32. g3 f3 33. Re6 Qxd2 0-1


[Site "https://www.chess.com"]

[Event "Titled Tuesday Blitz August 15 Early 2023"]
[White "Donchenko, Alexander"]
[Black "Spichkin, Alexander"]
[WhiteFideId "24603295"]
[BlackFideId "4144074"]
[WhiteElo "2904"]
[BlackElo "2454"]
[Result "1-0"]
[Round "1"]
[TimeControl "180+1"]
[Date "2023.08.15"]
[WhiteClock "0:00:37"]
[BlackClock "0:00:32"]
[Board "50"]

1. d4 e6 2. Nf3 f5 3. g3 Nf6 4. Bg2 Be7 5. O-O d6 6. c4 O-O 7. b4 Qe8 8. Qb3 Kh8 9. Nc3 Qh5 10. Bg5 Nc6 11. Rae1 h6 12. Bxf6 Bxf6 13. d5 Ne5 14. dxe6 c6 15. Nxe5 dxe5 16. b5 e4 17. c5 Bxc3 18. Qxc3 Bxe6 19. a4 Rad8 20. f3 Bd5 21. b6 axb6 22. cxb6 Ra8 23. a5 exf3 24. Bxf3 Bxf3 25. exf3 f4 26. Re7 Qg5 27. Re5 Qg6 28. g4 Rfe8 29. Rfe1 Rxe5 30. Rxe5 Qb1+ 31. Re1 Qb5 32. Re7 Qb1+ 33. Kg2 Qg6 34. h4 Rd8 35. h5 Qg5 36. Qe5 Rd2+ 37. Kf1 Qxe5 38. Rxe5 Ra2 39. Rf5 Kg8 40. Ke1 Kh7 41. Kd1 Kg8 42. Kc1 Ra3 43. Kb2 Rxf3 44. a6 Rf2+ 45. Kb3 Rf1 46. a7 Ra1 47. Rxf4 Ra6 48. Kc4 Ra5 49. Rd4 Kf7 50. Rd8 Ra4+ 51. Kb3 Rxg4 52. a8=Q 1-0


[Site "https://www.chess.com"]

[Event "Titled Tuesday Blitz August 15 Early 2023"]
[White "Sanhueza, Cristian"]
[Black "He, Anthony"]
[WhiteFideId "116815"]
[BlackFideId "2088215"]
[WhiteElo "2452"]
[BlackElo "2903"]
[Result "0-1"]
[Round "1"]
[TimeControl "180+1"]
[Date "2023.08.15"]
[WhiteClock "0:00:01"]
[BlackClock "0:00:08"]
[Board "51"]

1. e4 e5 2. Nf3 Nc6 3. Bc4 Bc5 4. c3 Nf6 5. d4 exd4 6. cxd4 Bb4+ 7. Bd2 Bxd2+ 8. Nbxd2 d5 9. exd5 Nxd5 10. Qb3 Nce7 11. O-O O-O 12. Rfe1 c6 13. Rac1 Nb6 14. Bf1 Be6 15. Qa3 Nf5 16. Ne4 Bd5 17. Nc5 Qc7 18. Rcd1 Rfd8 19. Ne5 f6 20. Qh3 Qc8 21. Bd3 Nh6 22. Qxc8 Rdxc8 23. Ned7 Nxd7 24. Nxd7 Rc7 25. Nc5 Rd8 26. Ne6 Bxe6 27. Rxe6 Rcd7 28. Bc4 Kf8 29. h3 Rxd4 30. Rxd4 Rxd4 31. Bb3 Rd2 32. Re4 Nf5 33. Ra4 a6 34. Rb4 b5 35. g4 Nd6 36. Kg2 Rxb2 37. Rd4 Ke7 38. Rd1 c5 39. Re1+ Kd7 40. Be6+ Kc6 41. Bg8 c4 42. Bxh7 Rxa2 43. Re7 c3 44. Rxg7 c2 45. Bxc2 Rxc2 46. h4 b4 47. h5 b3 48. h6 b2 49. h7 b1=Q 50. h8=Q Kd5 51. Qg8+ Kd4 52. Qe6 Qb6 53. Qxf6+ Kd3 54. Qg6+ Kd2 55. Qg5+ Kd1 56. Qd5+ Rd2 57. Qf3+ Kc1 58. Qc3+ Rc2 59. Qa1+ Kd2 60. Qe5 Qc6+ 61. Kg3 Rc3+ 62. Kf4 Qf3+ 63. Kg5 Rc5 64. Qxc5 Ne4+ 65. Kg6 Nxc5 66. Rf7 Qxg4+ 67. Kf6 Ne4+ 68. Ke5 Ng5 69. Rd7+ Qxd7 0-1


[Site "https://www.chess.com"]

[Event "Titled Tuesday Blitz August 15 Early 2023"]
[White "Galchenko, Matvey"]
[Black "Mrudul Dehankar"]
[WhiteFideId "24175480"]
[BlackFideId "25096990"]
[WhiteElo "2894"]
[BlackElo "2452"]
[Result "1-0"]
[Round "1"]
[TimeControl "180+1"]
[Date "2023.08.15"]
[WhiteClock "0:00:45"]
[BlackClock "0:00:00"]
[Board "52"]

1. f4 c5 2. Nf3 Nc6 3. g3 g6 4. Bg2 Bg7 5. O-O e6 6. d3 Nge7 7. Nc3 O-O 8. e4 d5 9. h3 Rb8 10. a4 a6 11. g4 b5 12. axb5 axb5 13. e5 f6 14. exf6 Bxf6 15. Qe1 Qd6 16. Qg3 Bd7 17. Re1 Nb4 18. Re2 Ra8 19. Rb1 Ra6 20. Ne5 Rfa8 21. Kh2 Ra1 22. Be3 Rxb1 23. Nxb1 Ra2 24. c3 Na6 25. Qf2 Bxe5 26. fxe5 Qxe5+ 27. Bf4 Qf6 28. Qg3 Nc6 29. Rf2 Qg7 30. Bd6 h6 31. Bf8 Qe5 32. Bxh6 Qxg3+ 33. Kxg3 Ra1 34. Nd2 1-0


[Site "https://www.chess.com"]

[Event "Titled Tuesday Blitz August 15 Early 2023"]
[White "Le Goff, Ronan"]
[Black "Kovalev, Vladislav"]
[WhiteFideId "612073"]
[BlackFideId "13504398"]
[WhiteElo "2451"]
[BlackElo "2884"]
[Result "0-1"]
[Round "1"]
[TimeControl "180+1"]
[Date "2023.08.15"]
[WhiteClock "0:01:22"]
[BlackClock "0:01:31"]
[Board "53"]

1. d4 Nf6 2. Nf3 e6 3. e3 c5 4. Bd3 d5 5. O-O Nc6 6. c3 Qc7 7. Nbd2 Be7 8. Re1 O-O 9. dxc5 Bxc5 10. e4 Rd8 11. Qe2 h6 12. e5 Ng4 13. Rf1 Ngxe5 14. Bc2 b6 15. Nb3 Bd6 16. h3 a5 17. Nxe5 Nxe5 18. Qh5 Ba6 19. Re1 Bd3 20. Bxd3 Nxd3 21. Re3 Nxc1 22. Rxc1 Bf4 0-1


[Site "https://www.chess.com"]

[Event "Titled Tuesday Blitz August 15 Early 2023"]
[White "Lysyj, Igor"]
[Black "Rosenberg, Evan S"]
[WhiteFideId "4150120"]
[BlackFideId "2019299"]
[WhiteElo "2878"]
[BlackElo "2448"]
[Result "1-0"]
[Round "1"]
[TimeControl "180+1"]
[Date "2023.08.15"]
[WhiteClock "0:00:42"]
[BlackClock "0:00:06"]
[Board "54"]

1. d4 d5 2. c4 e6 3. Nf3 c5 4. cxd5 exd5 5. Bg5 Nf6 6. Nc3 Be6 7. e3 c4 8. Bxf6 Qxf6 9. g3 Nc6 10. Bg2 Bd6 11. O-O Rd8 12. Nd2 Bb8 13. b3 cxb3 14. Qxb3 O-O 15. Qxb7 Ne7 16. Qa6 h5 17. Nf3 Nf5 18. h4 Rc8 19. Rac1 Qh6 20. Ng5 Rfd8 21. Nxd5 Rxc1 22. Rxc1 Bxd5 23. Rc8 Bc7 24. Rxd8+ Bxd8 25. Qc8 Qd6 26. Qxf5 g6 27. Qxd5 Qxd5 28. Bxd5 1-0


[Site "https://www.chess.com"]

[Event "Titled Tuesday Blitz August 15 Early 2023"]
[White "Bobkov, Vadim"]
[Black "Bacrot, Etienne"]
[WhiteFideId "34110876"]
[BlackFideId "605506"]
[WhiteElo "2447"]
[BlackElo "2873"]
[Result "0-1"]
[Round "1"]
[TimeControl "180+1"]
[Date "2023.08.15"]
[WhiteClock "0:00:00"]
[BlackClock "0:00:11"]
[Board "55"]

1. d4 d5 2. c4 c6 3. Nc3 Nf6 4. e3 a6 5. Bd3 e6 6. Qf3 Nbd7 7. Nge2 Bd6 8. O-O O-O 9. e4 dxe4 10. Nxe4 Nxe4 11. Bxe4 f5 12. Bc2 e5 13. c5 Bc7 14. Bxf5 Nxc5 15. Bxh7+ Kxh7 16. Qh5+ Kg8 17. dxc5 Rf5 18. Qg6 Qh4 19. Ng3 Rf6 20. Qe4 Qxe4 21. Nxe4 Rf8 22. Bg5 Be6 23. b3 Bd5 24. Rfe1 a5 25. Nc3 Bf7 26. Rad1 Rfe8 27. f3 b5 28. Rd7 Rac8 29. Red1 Be6 30. Re7 a4 31. bxa4 b4 32. Ne4 Bxa2 33. Nd6 Rxe7 34. Nxc8 Re6 35. Nb6 b3 36. Nc4 e4 37. Rd7 Be5 38. a5 exf3 39. gxf3 b2 40. Nxb2 Bxb2 41. Rd2 Bc1 42. Rd8+ Kf7 43. Bxc1 Re1+ 44. Kf2 Rxc1 45. a6 Ke7 46. Rb8 Rc2+ 0-1


[Site "https://www.chess.com"]

[Event "Titled Tuesday Blitz August 15 Early 2023"]
[White "Mitrabha, Guha"]
[Black "Manukian, Artak"]
[WhiteFideId "5057000"]
[BlackFideId "13301373"]
[WhiteElo "2871"]
[BlackElo "2446"]
[Result "1-0"]
[Round "1"]
[TimeControl "180+1"]
[Date "2023.08.15"]
[WhiteClock "0:01:46"]
[BlackClock "0:01:22"]
[Board "56"]

1. Nf3 c6 2. c4 d5 3. cxd5 cxd5 4. d4 Nc6 5. Nc3 Bg4 6. Qb3 Bxf3 7. exf3 Nxd4 8. Qxb7 Rb8 9. Qxa7 Nc2+ 10. Kd1 Nxa1 11. Bb5+ Rxb5 12. Nxb5 f6 13. Be3 Qc8 14. Qa4 Kf7 15. Kd2 e5 16. Rc1 Qf5 17. Rc7+ Kg6 18. Nd4 exd4 19. Qe8# 1-0


[Site "https://www.chess.com"]

[Event "Titled Tuesday Blitz August 15 Early 2023"]
[White "Pinero Rodriguez, Carlos Jose"]
[Black "Bernadskiy, Vitaliy"]
[WhiteFideId "3901726"]
[BlackFideId "14100371"]
[WhiteElo "2445"]
[BlackElo "2869"]
[Result "1-0"]
[Round "1"]
[TimeControl "180+1"]
[Date "2023.08.15"]
[WhiteClock "0:01:56"]
[BlackClock "0:00:59"]
[Board "57"]

1. e4 c5 2. Nf3 Nc6 3. Bb5 g6 4. O-O Bg7 5. c3 Nf6 6. d4 cxd4 7. cxd4 Nxe4 8. d5 Nd6 9. Ba4 Na5 10. Nc3 O-O 11. Bf4 Nac4 12. Qe2 Qa5 13. Bb3 Nxb2 14. Qxb2 Nb5 15. Qe2 Nxc3 16. Qxe7 Nxd5 17. Qg5 Bxa1 18. Rxa1 f6 19. Qxd5+ Qxd5 20. Bxd5+ Kg7 21. Re1 d6 22. Re7+ Kh8 23. Bh6 1-0


[Site "https://www.chess.com"]

[Event "Titled Tuesday Blitz August 15 Early 2023"]
[White "Ozen, Deniz"]
[Black "Kielinkei"]
[WhiteFideId "6349196"]
[WhiteElo "2865"]
[BlackElo "2444"]
[Result "1-0"]
[Round "1"]
[TimeControl "180+1"]
[Date "2023.08.15"]
[WhiteClock "0:01:44"]
[BlackClock "0:00:18"]
[Board "58"]

1. Nf3 d5 2. d4 Nf6 3. c3 Bf5 4. Qb3 Qc8 5. Bf4 c6 6. e3 Nbd7 7. Nbd2 h6 8. c4 e6 9. Rc1 Nh5 10. Be5 f6 11. Bg3 Nxg3 12. hxg3 Bd6 13. Bd3 Bxd3 14. Qxd3 Kf7 15. cxd5 exd5 16. e4 Re8 17. O-O dxe4 18. Nxe4 Qc7 19. Qb3+ Kf8 20. Nh4 Rxe4 21. Ng6+ Ke8 22. Rfe1 f5 23. f3 Rxe1+ 24. Rxe1+ Kd8 25. Qg8+ Nf8 26. Nxf8 1-0


[Site "https://www.chess.com"]

[Event "Titled Tuesday Blitz August 15 Early 2023"]
[White "MrAnnihilation"]
[Black "Kukhmazov, Arsen"]
[BlackFideId "24108260"]
[WhiteElo "2443"]
[BlackElo "2853"]
[Result "1-0"]
[Round "1"]
[TimeControl "180+1"]
[Date "2023.08.15"]
[WhiteClock "0:00:10"]
[BlackClock "0:00:13"]
[Board "59"]

1. d4 d5 2. Bf4 c6 3. e3 Bf5 4. c4 e6 5. Qb3 Qb6 6. c5 Qxb3 7. axb3 a6 8. Nc3 Nf6 9. b4 Nh5 10. Bc7 Be7 11. h3 Nf6 12. Nf3 O-O 13. b5 cxb5 14. Nxb5 Nc6 15. Nd6 Bxd6 16. Bxd6 Rfc8 17. Be2 Ne4 18. Bh2 f6 19. Nh4 Bg6 20. f3 Ng5 21. Nxg6 hxg6 22. Bd3 Kf7 23. h4 Nh7 24. Ra4 Nf8 25. Bd6 e5 26. Kd2 Ne6 27. dxe5 fxe5 28. h5 g5 29. h6 Rh8 30. h7 g6 31. b4 Kg7 32. b5 axb5 33. Rxa8 Rxa8 34. Bxb5 Rh8 35. Bxc6 Rxh7 36. Bxe5+ Kg8 37. Rxh7 Kxh7 38. Bxd5 Nxc5 39. Bd4 Nd7 40. Bxb7 Kh6 41. Bc6 Nf8 42. Bd5 Nd7 43. g4 Kh7 44. Kd3 Nf8 45. Kc4 Kh6 46. Kb5 Nh7 47. Kc6 Nf8 48. Kd6 Nh7 49. Ke7 Nf8 50. Kxf8 Kh7 51. f4 Kh6 52. Bg7+ Kh7 53. Bg8# 1-0


[Site "https://www.chess.com"]

[Event "Titled Tuesday Blitz August 15 Early 2023"]
[White "Durarbayli, Vasif"]
[Black "Ben Artzi, Ido"]
[WhiteFideId "13402935"]
[BlackFideId "2810913"]
[WhiteElo "2849"]
[BlackElo "2442"]
[Result "1-0"]
[Round "1"]
[TimeControl "180+1"]
[Date "2023.08.15"]
[WhiteClock "0:00:46"]
[BlackClock "0:00:00"]
[Board "60"]

1. e4 e5 2. Nf3 Nc6 3. Bb5 a6 4. Ba4 Nf6 5. d3 d6 6. c3 Be7 7. Nbd2 O-O 8. Nf1 b5 9. Bc2 Re8 10. Ng3 Bf8 11. O-O g6 12. a4 Be6 13. h3 h6 14. d4 Bd7 15. Re1 Bg7 16. Be3 Na5 17. axb5 axb5 18. b3 Kh7 19. Qd2 Be6 20. d5 Bd7 21. c4 c6 22. dxc6 Bxc6 23. cxb5 Bxb5 24. Red1 d5 25. exd5 e4 26. Nd4 Bd3 27. Bxd3 exd3 28. Qxd3 Nxd5 29. Bd2 Bxd4 30. Bxa5 Rxa5 31. Qxd4 Rxa1 32. Qxa1 Qg5 33. Qa5 Nf4 34. Qxg5 hxg5 35. Kf1 Rb8 36. Rb1 Rb4 37. Ne2 Nd3 38. g3 Kg7 39. Kg2 f5 40. Kf3 Kf6 41. Ke3 Nc5 42. Nc1 Ke5 43. Kd2 Ne4+ 44. Ke1 Kd4 45. Na2 Rb8 46. Rb2 Nc5 47. Rd2+ 1-0


[Site "https://www.chess.com"]

[Event "Titled Tuesday Blitz August 15 Early 2023"]
[White "Rangel, Daniel"]
[Black "Ter-Sahakyan, Samvel"]
[WhiteFideId "2124475"]
[BlackFideId "13302531"]
[WhiteElo "2441"]
[BlackElo "2844"]
[Result "0-1"]
[Round "1"]
[TimeControl "180+1"]
[Date "2023.08.15"]
[WhiteClock "0:00:06"]
[BlackClock "0:01:18"]
[Board "61"]

1. c4 e5 2. g3 Be7 3. Bg2 f5 4. Nc3 Nf6 5. Nf3 d6 6. d4 e4 7. Ng5 O-O 8. h4 Qe8 9. Qb3 c6 10. d5 Na6 11. Be3 Ng4 12. c5 Nxe3 13. dxc6+ Kh8 14. cxb7 Nxg2+ 15. Kf1 Bxb7 16. Qxb7 Nxc5 17. Qd5 Nxh4 18. gxh4 Qh5 19. Ne6 Nxe6 20. Qxe6 Bf6 21. Nd5 Bxb2 22. Rb1 Be5 23. Rb7 Rac8 24. Rb1 Rce8 25. Qd7 f4 26. Nc7 Rb8 27. Rxb8 Rxb8 28. Kg2 f3+ 29. Kh3 fxe2 30. Rb1 Qf3# 0-1


[Site "https://www.chess.com"]

[Event "Titled Tuesday Blitz August 15 Early 2023"]
[White "Nenezic, Marko"]
[Black "Liu, Casper"]
[WhiteFideId "912123"]
[BlackFideId "1454153"]
[WhiteElo "2842"]
[BlackElo "2439"]
[Result "0-1"]
[Round "1"]
[TimeControl "180+1"]
[Date "2023.08.15"]
[WhiteClock "0:00:00"]
[BlackClock "0:00:23"]
[Board "62"]

1. d4 Nf6 2. c4 g6 3. Nc3 Bg7 4. e4 O-O 5. Be2 d6 6. Be3 e5 7. d5 Na6 8. h4 Nc5 9. Qc2 a5 10. h5 a4 11. O-O-O Bd7 12. Nh3 Ng4 13. Bxg4 Bxg4 14. f3 Bd7 15. g4 Ra5 16. Qh2 b5 17. cxb5 Bxb5 18. hxg6 hxg6 19. Nf2 Re8 20. Qh7+ Kf8 21. Bh6 Bxh6+ 22. Qxh6+ Ke7 23. g5 Qb8 24. Qg7 a3 25. Rh7 axb2+ 26. Kb1 Rf8 27. Qxg6 Bc4 28. Qf6+ Ke8 29. g6 Bxa2+ 30. Nxa2 Qb3 31. gxf7+ Kd7 32. Qf5+ Kd8 33. Qg5+ Kc8 0-1


[Site "https://www.chess.com"]

[Event "Titled Tuesday Blitz August 15 Early 2023"]
[White "Harriott, Tyrell"]
[Black "Timofeev, Artyom"]
[WhiteFideId "2086484"]
[BlackFideId "4140419"]
[WhiteElo "2438"]
[BlackElo "2831"]
[Result "0-1"]
[Round "1"]
[TimeControl "180+1"]
[Date "2023.08.15"]
[WhiteClock "0:00:12"]
[BlackClock "0:00:45"]
[Board "63"]

1. d4 Nf6 2. e3 g6 3. Bd3 Bg7 4. f4 O-O 5. Nf3 c5 6. O-O b6 7. f5 Bb7 8. Qe1 Be4 9. Bxe4 Nxe4 10. fxg6 fxg6 11. Nc3 d5 12. Bd2 Nc6 13. Rd1 e6 14. dxc5 Nxc5 15. Qg3 Qe7 16. e4 Bxc3 17. bxc3 Nxe4 18. Qh3 Rf5 19. Be3 Raf8 20. g4 R5f7 21. Kh1 Nxc3 22. Rde1 Ne4 23. Bh6 Re8 24. g5 Rf5 25. Qg2 Qc5 26. Nh4 Nf2+ 27. Kg1 Nd3+ 28. Kh1 Nxe1 29. Rxe1 Rf2 30. Qg4 Qxc2 31. Nf3 Qf5 32. Qxf5 gxf5 33. Ng1 Kf7 34. Rc1 Rc8 35. Nh3 Rxa2 36. Nf4 Ne7 37. Re1 Ng6 38. Nxe6 Re8 39. Rc1 Rxe6 40. Rc7+ Re7 41. Rc1 Rae2 42. h4 Re1+ 43. Rxe1 Rxe1+ 44. Kg2 Nxh4+ 45. Kg3 Re4 46. g6+ Nxg6 47. Bc1 a5 48. Kf3 a4 49. Ba3 b5 50. Kf2 b4 51. Bc1 a3 52. Bh6 a2 53. Bg7 Kxg7 54. Kf3 a1=Q 55. Kf2 Qb2+ 56. Kf3 Qe2+ 57. Kg3 Rg4+ 0-1


[Site "https://www.chess.com"]

[Event "Titled Tuesday Blitz August 15 Early 2023"]
[White "Lagarde, Maxime"]
[Black "Yeritsyan, Hayk"]
[WhiteFideId "662399"]
[BlackFideId "13307320"]
[WhiteElo "2830"]
[BlackElo "2436"]
[Result "1-0"]
[Round "1"]
[TimeControl "180+1"]
[Date "2023.08.15"]
[WhiteClock "0:01:35"]
[BlackClock "0:00:03"]
[Board "64"]

1. d4 d5 2. Bf4 Nf6 3. e3 c6 4. Nd2 Bg4 5. f3 Bh5 6. h4 Bg6 7. g4 h5 8. g5 Nfd7 9. c3 Qb6 10. Qb3 e6 11. Nh3 c5 12. Bg3 c4 13. Qxb6 axb6 14. a3 Nc6 15. Nf4 Bd6 16. Kf2 Bxf4 17. Bxf4 b5 18. Rc1 Ke7 19. e4 Nb6 20. Bh3 Rhe8 21. Rhe1 Kf8 22. Bd6+ Kg8 23. Re2 Na4 24. Nf1 Red8 25. e5 Na5 26. Ng3 Bd3 27. Rd2 Nb3 28. Rcd1 Nxd2 29. Rxd2 g6 30. Bb4 Rdc8 31. Ke3 Rd8 32. Nh1 Re8 33. Nf2 Bf5 34. Bxf5 gxf5 35. Nh3 Kg7 36. Nf4 Rh8 37. g6 Rh6 38. Rg2 Rg8 39. Rg5 fxg6 40. Nxe6+ Kf7 41. Nf4 Rd8 42. e6+ Kf6 43. e7 Re8 44. Nxd5+ Ke6 45. Nc7+ Kd7 46. Nxe8 Kxe8 47. Rg2 Nb6 48. Kf4 Nd5+ 49. Kg5 Rh8 50. Re2 Rg8 51. Re5 Nc7 52. d5 Kf7 53. Kf4 Re8 54. Ke3 Kf6 55. Kd4 Na6 56. d6 Nb8 57. Kd5 Nd7 58. Re6+ Kf7 59. Re1 Rc8 60. Kd4 Re8 61. a4 bxa4 62. Kxc4 Rc8+ 63. Kb5 Re8 64. Kxa4 Nb6+ 65. Kb5 Nd7 66. c4 Rc8 67. c5 Re8 68. Bc3 Rc8 69. b4 Rf8 70. exf8=Q+ 1-0


[Site "https://www.chess.com"]

[Event "Titled Tuesday Blitz August 15 Early 2023"]
[White "Pesotskiy, Mikhail"]
[Black "Klukin, Kirill"]
[WhiteFideId "34164453"]
[BlackFideId "24199273"]
[WhiteElo "2435"]
[BlackElo "2825"]
[Result "1-0"]
[Round "1"]
[TimeControl "180+1"]
[Date "2023.08.15"]
[WhiteClock "0:00:31"]
[BlackClock "0:00:06"]
[Board "65"]

1. d4 Nf6 2. c4 Nc6 3. Nc3 e6 4. d5 Ne5 5. e3 Bb4 6. Nf3 Ng6 7. Bd2 O-O 8. a3 Bxc3 9. Bxc3 Ne4 10. Bd4 c5 11. dxc6 bxc6 12. Bd3 d5 13. O-O c5 14. Bxe4 dxe4 15. Bxc5 exf3 16. Bxf8 Qxd1 17. Rfxd1 Kxf8 18. Rd8+ Ke7 19. Rad1 Ne5 20. c5 Bb7 21. Rxa8 Bxa8 22. g3 Bd5 23. b4 a6 24. Rd4 f5 25. a4 Nd7 26. g4 fxg4 27. Rxg4 g6 28. Rd4 Bc6 29. Rd6 Bxa4 30. Rxa6 Bb5 31. Ra5 Bd3 32. c6 Nb6 33. b5 Kd6 34. Ra6 Kc7 35. Ra7+ Kd6 36. Rb7 Nd5 37. Rd7+ Ke5 38. c7 Nb6 39. Rxd3 Nc8 40. Rd8 Na7 41. b6 Nc6 42. b7 Ne7 43. c8=Q Nf5 44. b8=Q+ Kf6 45. Qf4 g5 46. Qc3+ Kg6 47. Rg8+ Kh5 48. Qxg5# 1-0


[Site "https://www.chess.com"]

[Event "Titled Tuesday Blitz August 15 Early 2023"]
[White "Pakleza, Zbigniew"]
[Black "Mika, Tomasz"]
[WhiteFideId "1119290"]
[BlackFideId "1132970"]
[WhiteElo "2824"]
[BlackElo "2433"]
[Result "1-0"]
[Round "1"]
[TimeControl "180+1"]
[Date "2023.08.15"]
[WhiteClock "0:00:02"]
[BlackClock "0:00:00"]
[Board "66"]

1. d4 Nf6 2. Nf3 d5 3. Bf4 c5 4. c3 Nc6 5. Nbd2 cxd4 6. cxd4 Bf5 7. e3 a6 8. Be2 e6 9. O-O Be7 10. Rc1 O-O 11. Nb3 Ne4 12. Nfd2 Nxd2 13. Qxd2 Bb4 14. Qd1 Rc8 15. Nc5 Qe7 16. a3 Bxc5 17. dxc5 e5 18. Bg3 d4 19. b4 d3 20. Bxd3 Rcd8 21. Bxf5 Rxd1 22. Rfxd1 Rd8 23. Be4 Rxd1+ 24. Rxd1 g6 25. h3 f5 26. Bxc6 bxc6 27. Rd6 g5 28. f3 f4 29. exf4 exf4 30. Bf2 Qe5 31. Rxc6 Qa1+ 32. Kh2 Qb2 33. Bg1 h5 34. Rg6+ Kf7 35. Rxg5 Kf6 36. Rxh5 Qxa3 37. c6 Qxb4 38. c7 Qf8 39. Rh6+ Ke5 40. Rxa6 Qc8 41. Ra5+ Kd6 42. Rc5 Ke6 43. Rc3 Kd6 44. Rc4 Kd5 45. Rc1 Kd6 46. Bf2 Kd5 47. g3 fxg3+ 48. Bxg3 Kd4 49. Rd1+ Ke3 50. Rd8 Qa6 51. Re8+ Kd2 52. c8=Q Qe2+ 53. Rxe2+ 1-0


[Site "https://www.chess.com"]

[Event "Titled Tuesday Blitz August 15 Early 2023"]
[White "TomLiu777"]
[Black "Putnam, Liam"]
[BlackFideId "30938279"]
[WhiteElo "2431"]
[BlackElo "2822"]
[Result "0-1"]
[Round "1"]
[TimeControl "180+1"]
[Date "2023.08.15"]
[WhiteClock "0:00:02"]
[BlackClock "0:00:09"]
[Board "67"]

1. c4 Nf6 2. Nc3 g6 3. g3 Bg7 4. Bg2 O-O 5. d4 d6 6. Nf3 Nbd7 7. O-O e5 8. e3 Re8 9. a4 a5 10. b3 c6 11. Ba3 Qc7 12. Rc1 exd4 13. exd4 Nf8 14. Re1 Bg4 15. Qd2 Ne6 16. d5 cxd5 17. Nxd5 Nxd5 18. cxd5 Nc5 19. Qf4 Rxe1+ 20. Nxe1 Qd7 21. Bxc5 dxc5 22. Nd3 b6 23. Ne5 Bxe5 24. Qxe5 Re8 25. Qf6 Qd8 26. Qf4 Bf5 27. h4 h5 28. Rc3 Re1+ 29. Kh2 Qf6 30. Re3 Rxe3 31. fxe3 Qb2 32. e4 Bg4 33. Qe3 Kg7 34. e5 Qd4 35. Qg5 Qf2 36. d6 Be6 37. Kh1 Qe1+ 38. Kh2 Qf2 39. Kh1 Kh7 40. Kh2 Bd5 41. Qxh5+ 0-1


[Site "https://www.chess.com"]

[Event "Titled Tuesday Blitz August 15 Early 2023"]
[White "Salinas Herrera, Pablo"]
[Black "Akylbekov, Nasyr"]
[WhiteFideId "3407128"]
[BlackFideId "13800353"]
[WhiteElo "2820"]
[BlackElo "2428"]
[Result "1-0"]
[Round "1"]
[TimeControl "180+1"]
[Date "2023.08.15"]
[WhiteClock "0:02:20"]
[BlackClock "0:02:22"]
[Board "68"]

1. d4 Nf6 2. Nf3 e6 3. Bf4 d5 4. e3 Bd6 5. Nbd2 O-O 6. c3 Re8 7. Ne5 Bxe5 8. Bxe5 Nc6 9. Bg3 e5 10. Bb5 exd4 11. cxd4 Bd7 12. O-O a6 13. Bd3 Ne4 14. Nxe4 dxe4 15. Be2 Ne7 16. Rc1 c6 17. Qb3 b5 18. Rc5 Be6 19. Qc2 Qd7 20. Rc1 Bd5 21. b3 a5 22. h3 Nf5 23. Bf4 a4 24. b4 a3 25. Qd2 Ne7 26. Bg4 f5 27. Bd1 h6 28. R1c3 Qe6 29. Qc1 Bxa2 30. Rxa3 Rxa3 31. Qxa3 Bd5 32. Qa7 g5 33. Be5 Ng6 34. Qg7# 1-0


[Site "https://www.chess.com"]

[Event "Titled Tuesday Blitz August 15 Early 2023"]
[White "Nathan, Nitish"]
[Black "Maksimovic, Bojan"]
[WhiteFideId "30927870"]
[BlackFideId "14408120"]
[WhiteElo "2427"]
[BlackElo "2818"]
[Result "0-1"]
[Round "1"]
[TimeControl "180+1"]
[Date "2023.08.15"]
[WhiteClock "0:00:40"]
[BlackClock "0:01:05"]
[Board "69"]

1. d4 Nf6 2. Bf4 Nh5 3. Bd2 g6 4. e4 d5 5. e5 c5 6. c3 Nc6 7. Nf3 Bg4 8. Bb5 cxd4 9. Bxc6+ bxc6 10. cxd4 Qb6 11. Nc3 Bxf3 12. Qxf3 Qxd4 13. O-O-O Qxe5 14. Rhe1 Qf5 15. Qe2 Nf6 16. Qa6 Qd7 17. Be3 h5 18. Kb1 Bg7 19. Bc5 O-O 20. Rxe7 Qf5+ 21. Ka1 Rfe8 22. Qxc6 Rac8 23. Rxe8+ Rxe8 24. a3 Qe6 25. Qxe6 fxe6 26. Bxa7 Nd7 27. Be3 Ne5 28. Ka2 Nc4 29. Bc5 Rc8 30. Bb4 Kf7 31. Ne2 Nxb2 32. Rb1 Nd3 33. Rb3 Nxb4+ 34. Rxb4 Rc2+ 35. Kb3 Rxe2 36. a4 Rxf2 37. a5 Rxg2 38. a6 Rb2+ 39. Ka4 Rxb4+ 40. Kxb4 Bd4 41. Kb3 Ba7 42. Kc2 e5 43. Kd3 e4+ 44. Ke2 d4 45. Kd2 d3 46. h4 Ke6 47. Ke1 e3 48. Kf1 e2+ 49. Ke1 Kf5 50. Kd2 Bf2 51. a7 e1=Q+ 52. Kxd3 Bxa7 53. Kc4 Qe4+ 54. Kb5 Qb7+ 55. Kc4 Qc6+ 56. Kd3 Qe4+ 57. Kc3 Qd4+ 58. Kc2 Qc4+ 59. Kd2 Ke4 60. Ke1 Qa2 61. Kd1 Kd3 62. Ke1 Qe2# 0-1


[Site "https://www.chess.com"]

[Event "Titled Tuesday Blitz August 15 Early 2023"]
[White "Beerdsen, Thomas"]
[Black "WindWhistler11"]
[WhiteFideId "1030108"]
[WhiteElo "2817"]
[BlackElo "2427"]
[Result "0-1"]
[Round "1"]
[TimeControl "180+1"]
[Date "2023.08.15"]
[WhiteClock "0:00:02"]
[BlackClock "0:00:13"]
[Board "70"]

1. e4 e6 2. c4 d5 3. cxd5 exd5 4. Qb3 Ne7 5. Nc3 c6 6. d4 Be6 7. exd5 cxd5 8. Nf3 Nbc6 9. Bf4 Qb6 10. Qxb6 axb6 11. Nb5 Kd7 12. Be2 Ng6 13. Bd2 Bb4 14. Bxb4 Nxb4 15. Kd2 Rxa2 16. Rxa2 Nxa2 17. Ra1 Nb4 18. Ra7 Rb8 19. h4 Nc6 20. Ra3 f6 21. g3 Nge7 22. h5 Bg4 23. h6 gxh6 24. Nh4 h5 25. f3 Be6 26. Bd3 Rg8 27. Ke3 Rxg3 28. Kf2 Rh3 29. Ng2 h4 30. Bf1 Nf5 31. Ra8 Ncxd4 32. Nxd4 Nxd4 33. Ne1 Rh2+ 34. Kg1 Rxb2 35. Rh8 Bf5 36. Bd3 Bxd3 37. Nxd3 Nxf3+ 38. Kf1 Rd2 39. Rxh7+ Kd6 40. Nf4 b5 41. Rxb7 Ke5 42. Ng6+ Kf5 43. Ne7+ Kf4 44. Ng6+ Kg3 45. Nxh4 Rf2# 0-1


[Site "https://www.chess.com"]